AoeStats
← Ringed_bagels

Arena

509801952Analyzed
3v3 RM · 4d ago on Sep 28, 2026· 47m 21s· 6 players
Game mode
Random Map
Map size
Normal (6 player)
Population
200
Speed
Normal
Resources
Standard
Victory
Conquest
Starting age
Dark Age
Ending age
Imperial Age
RankedLock teamsTeams togetherTeam positionsShared explorationLock speedFull tech treeHidden civsTurbo modeCheats
Victory
Defeat
🇺🇸 Danes · United States
994
+16
🇺🇸 Goths · United States
983
+17
🇺🇸 Magyars · United States
894
+21
🇺🇸 Varangians · United States
1016
-19
🇺🇸 Bohemians · United States
1007
-18
🇺🇸 Wei · United States
971
-17
AirPerrone
9:04 Loom
11:52 Feudal Age
16:43 Castle Age
14:51 Horse Collar
15:31 Double-Bit Axe
15:48 Stone Mining
20:30 Wheelbarrow
21:18 Heavy Plow
25:08 Scale Mail Armor
26:25 Hand Cart
27:14 Bow Saw
28:30 Chain Mail Armor
28:26 Forging
30:04 Arson
30:07 Gambesons
30:23 Squires
34:01 Imperial Age
33:07 Hamask
38:45 Capped Ram
39:34 Gold Mining
40:28 Elite Jomsviking
43:09 Gold Shaft Mining
42:36 Siege Ram
Yelmite
11:23 Feudal Age
12:57 Double-Bit Axe
15:39 Castle Age
19:31 Bow Saw
19:55 Horse Collar
22:50 Stone Mining
25:10 Squires
25:13 Scale Mail Armor
25:24 Forging
24:39 Pikeman
29:41 Wheelbarrow
28:52 Loom
29:34 Gold Mining
32:45 Imperial Age
30:54 Chain Mail Armor
30:27 Man-at-Arms
31:24 Heavy Plow
31:24 Long Swordsman
32:47 Two-Handed Swordsman
32:49 Halberdier
34:25 Conscription
34:07 Perfusion
33:57 Champion
37:57 Iron Casting
37:14 Fletching
37:33 Anarchy
37:30 Elite Huskarl
41:58 Murder Holes
42:14 Masonry
43:10 Chemistry
45:29 Two-Man Saw
47:16 Blast Furnace
Ringed_bagels
8:08 Loom
11:02 Feudal Age
15:25 Castle Age
13:36 Double-Bit Axe
13:52 Horse Collar
19:01 Bloodlines
30:23 Bow Saw
30:15 Heavy Plow
34:04 Herbal Medicine
35:02 Ballistics
37:54 Imperial Age
35:38 Gold Mining
38:04 Corvinian Army
39:39 Two-Man Saw
41:41 Elite Magyar Huszar
42:40 Scale Barding Armor
42:39 Padded Archer Armor
42:29 Fletching
sevbanan
12:31 Feudal Age
17:05 Castle Age
15:14 Double-Bit Axe
15:09 Horse Collar
21:04 Wheelbarrow
20:16 Loom
23:00 Fletching
30:31 Imperial Age
29:08 Heavy Plow
29:22 Bow Saw
32:34 Chemistry
32:12 Town Watch
32:43 Hand Cart
34:23 Ballistics
34:55 Forging
34:46 Scale Mail Armor
34:41 Bodkin Arrow
35:52 Two-Man Saw
36:26 Siege Engineers
37:20 Conscription
38:42 Padded Archer Armor
38:41 Murder Holes
39:00 Fortified Wall
39:02 Masonry
48:03 Architecture
47:52 Fervor
ehh dont shout
11:26 Feudal Age
16:25 Castle Age
20:05 Forging
23:06 Iron Casting
23:58 Wheelbarrow
23:14 Double-Bit Axe
23:10 Horse Collar
25:17 Wheelbarrow
32:55 Imperial Age
31:26 Bow Saw
31:20 Gold Mining
31:32 Heavy Plow
31:49 Bloodlines
31:40 Husbandry
33:05 Scale Barding Armor
34:14 Conscription
39:10 Hand Cart
40:20 Stone Mining
muffinman
11:17 Feudal Age
15:58 Castle Age
14:22 Horse Collar
16:53 Wheelbarrow
16:41 Double-Bit Axe
21:17 Bow Saw
21:11 Town Watch
23:15 Scale Mail Armor
23:44 Loom
25:25 Forging
34:00 Imperial Age
36:34 Padded Archer Armor
36:28 Fletching
39:09 Elite Varangian Guard
40:12 Squires
39:57 Arson
40:37 Conscription
40:43 Heavy Plow
41:46 Two-Man Saw
42:08 Chain Mail Armor
42:29 Iron Casting
42:00 Scale Barding Armor
44:35 Plate Mail Armor
45:06 Blast Furnace
44:17 Gothikon
45:42 Elite Varangian Guard
Connection lost

Rejoining the realm…

Still unreachable

The connection could not be restored.

Session expired

The server has moved on; the page needs a fresh start.